 Dungeon Crawl Stone Soup version 0.27-a0-1191-g601b473118 (webtiles) character file.

Game seed: 9349090397380071795

329 spiderkeys the Skirmisher (level 6, 0/56 HPs)
             Began as a Hill Orc Fighter on May 24, 2021.
             Succumbed to a water moccasin's poison
             ... on level 3 of the Dungeon.
             The game lasted 00:03:54 (2951 turns).

spiderkeys the Skirmisher (Hill Orc Fighter)        Turns: 2951, Time: 00:03:54

Health: 0/56       AC:  8    Str: 21    XL:     6   Next: 51%
Magic:  6/6        EV:  7    Int:  8    God:
Gold:   70         SH:  9    Dex: 10    Spells: 5/5 levels left

rFire    . . .     SeeInvis .   a - +0 war axe
rCold    . . .     Faith    .   c - +0 kite shield
rNeg     . . .     Spirit   .   b - +0 scale mail
rPois    .         Reflect  .   f - +0 helmet
rElec    .         Harm     .   (no cloak)
rCorr    .         Rampage  .   (no gloves)
Will     +....                  (no boots)
Stlth    ..........             (no amulet)
HPRegen  0.18/turn              p - ring of willpower
MPRegen  0.10/turn              (no ring)

@: lethally poisoned (0 -> -15), flying
A: no striking features
a: no special abilities


You were on level 3 of the Dungeon.
You visited 1 branch of the dungeon, and saw 3 of its levels.

You collected 70 gold pieces.


   Skills:
 + Level 5.2 Fighting
 + Level 5.0 Axes
 + Level 4.7 Armour
 + Level 4.8 Shields


You had 5 spell levels left.
You didn't know any spells.
Your spell library was empty.

Inventory:

Hand Weapons
 a - a +0 war axe (weapon)
Missiles
 g - 61 arrows
 k - 45 bolts
 m - 2 javelins
 o - 53 stones (quivered)
 q - 6 boomerangs
 r - 15 sling bullets
Armour
 b - a +0 scale mail (worn)
 c - a +0 kite shield (worn)
 f - a +0 helmet (worn)
   (You found it on level 1 of the Dungeon)
Jewellery
 p - a ring of willpower (left hand)
   (You found it on level 2 of the Dungeon)
Scrolls
 i - 3 scrolls of magic mapping {!r}
 n - a scroll of blinking {unknown}
Potions
 d - a potion of might
 e - a potion of magic {unknown}
 h - a potion of flight
 j - a potion of heal wounds {unknown}
 l - a potion of attraction {unknown}

Dungeon Overview and Level Annotations

Branches:
Dungeon (3/15)

Altars:
Zin

Shops:
D:3

=* ## #.# # #.###.
......#######
.####>##...gS@..###
.#.......##'##....###
##.#....####...####...##
...... #..#...#..###..#
##.##.# #..#...#..# ##.#
##.##.+ #..#...#..# +.#
##.#..## #))#...#..# ##.#
##.....###..#...#†)###..#
..###†...##'#[/$#'##...##


You could see a water moccasin and a hobgoblin.


Message History

😕 HP[-5]
You take 5 damage, and now have 47/56 hp.
You closely miss the hobgoblin. You hit the hound. You hit the water moccasin.
The hound barely misses you. You block the hobgoblin's attack.
You block the water moccasin's attack. You block the hound's attack.
The hobgoblin hits you. The water moccasin closely misses you.
You hit the hobgoblin. You hit the hound. You miss the water moccasin.
The hound bites you. You block the water moccasin's attack.
The hound barely misses you. You block the hobgoblin's attack.
The sky beast flickers out of sight!
Deactivating autopickup; reactivate with Ctrl-A.
The water moccasin bites you. 😮 HP[-8]
You take 8 damage, and now have 39/56 hp.
You are too injured to fight recklessly!
You are too injured to fight recklessly!
You are too injured to fight recklessly!
You are too injured to fight recklessly!
Unknown command.
The hound bites you but does no damage.
You miss the hound. You block the hound's attack.
The hound bites you but does no damage. The hound bites you. 😮 HP[-2]
You take 2 damage, and now have 37/56 hp.
You closely miss the hound. You block the hound's attack.
The hound closely misses you. 😮 HP[+1]
You miss the hound. You block the hound's attack. The hound bites you. 😮 HP[-4]
You take 4 damage, and now have 34/56 hp.
You hit the hound but do no damage. The hound bites you.
You block the hound's attack. 😮 HP[-1]
You take 1 damage, and now have 33/56 hp.
You closely miss the hound. You block the hound's attack.
The hound bites you but does no damage.
You closely miss the hound. The hound bites you.
The hound barely misses you. 😮 HP[-2]
You take 2 damage, and now have 31/56 hp.
You closely miss the hound. The hound barely misses you.
The hound closely misses you.
You hit the hound. The hound closely misses you.
You block the hound's attack. x2
You hit the hound. The hound barely misses you.
You block the hound's attack. 😮 HP[+1]
You hit the hound. The hound bites you but does no damage.
You block the hound's attack.
You closely miss the hound. The hound closely misses you. x2
You barely miss the hound. You block the hound's attack.
The hound bites you but does no damage.
You miss the hound.
The hound bites you but does no damage. x2 😮 HP[+1]
You barely miss the hound. The hound bites you.
The hound bites you but does no damage. 😮 HP[-4]
You take 4 damage, and now have 29/56 hp.
You closely miss the hound.
The hound bites you but does no damage. x2
You block the hound's attack.
You miss the hound. The hound bites you.
* * * LOW HITPOINT WARNING * * *
The hound barely misses you. 😨 HP[-3]
You take 3 damage, and now have 26/56 hp.
You closely miss the hound. The hound bites you.
* * * LOW HITPOINT WARNING * * *
The hound bites you.
* * * LOW HITPOINT WARNING * * *
😨 HP[-6]
You take 6 damage, and now have 20/56 hp.
You slash the hound!
You kill the hound!
You block the water moccasin's attack.
A sky beast appears from thin air!
Reactivating autopickup.
Your Axes skill increases to level 5!
You hit the water moccasin.
The water moccasin bites you but does no damage. x2
You closely miss the water moccasin. The water moccasin bites you!
* * * LOW HITPOINT WARNING * * *
You block the water moccasin's attack.
The water moccasin completely misses you. 😱 HP[-8]
You take 8 damage, and now have 12/56 hp.
You closely miss the water moccasin.
You block the water moccasin's attack. x2 😱 HP[+1]
You closely miss the water moccasin. The water moccasin barely misses you.
The water moccasin bites you.
* * * LOW HITPOINT WARNING * * *
😱 HP[-1]
You take 1 damage, and now have 12/56 hp.
You miss the water moccasin. The water moccasin bites you.
* * * LOW HITPOINT WARNING * * *
The water moccasin bites you.
* * * LOW HITPOINT WARNING * * *
You are lethally poisoned!
The water moccasin poisons you! 😱 HP[-8]
You take 8 damage, and now have 4/56 hp.
It was a potion of flight.
You feel very buoyant.
You fly up into the air.
You die...

Skill      XL: |  1  2  3  4  5  6 |
---------------+-------------------+-----
Axes           | 3 4 5 |  5.0
Fighting       | 4 5 |  5.2
Armour         | 4 |  4.7
Shields        | 4 |  4.8

Action                   |  1- 3 |  4- 6 || total
-------------------------+-------+-------++-------
Melee: War axe           |    62 |   144 ||   206
  Use: Scroll            |       |     3 ||     3
       Potion            |       |     1 ||     1
Armor: Scale mail        |    34 |    75 ||   109
Dodge: Dodged            |    23 |    55 ||    78
Block: Kite shield       |    32 |    81 ||   113

Levels and vault maps discovered:
D:1:      ldierk_water_garden, layout_basic
D:2:      minmay_spotlight, layout_loops_corners, basic_ecumenical_altar,
          grunt_decor_one_mirror, glass_columns_c, uniq_robin, uniq_sigmund
D:3:      layout_basic, zin_purify, serial_shops, nicolae_shop_waterfront,
          minmay_divided_ellipse

Notes
Turn   | Place    | Note
-------+----------+-------------------------------------------
     0 | D:1      | spiderkeys the Hill Orc Fighter began the quest for the
                  | Orb.
     0 | D:1      | Reached XP level 1. HP: 19/19 MP: 1/1
     0 | D:1      | magus.rc [v1.9.10]
    76 | D:1      | Reached skill level 3 in Axes
    76 | D:1      | Reached XP level 2. HP: 13/27 MP: 2/2
    77 | D:1      | HP: 6/27 [rat (3)]
   732 | D:1      | Reached skill level 4 in Fighting
   732 | D:1      | Reached XP level 3. HP: 33/33 MP: 3/3
  1041 | D:2      | Noticed Sigmund
  1053 | D:2      | Killed Sigmund
  1054 | D:2      | Reached skill level 4 in Axes
  1054 | D:2      | Reached skill level 4 in Armour
  1054 | D:2      | Reached skill level 4 in Shields
  1054 | D:2      | Reached XP level 4. HP: 17/41 MP: 4/4
  1054 | D:2      | Reached XP level 5. HP: 20/47 MP: 5/5
  1290 | D:2      | Noticed Robin
  1301 | D:2      | Killed Robin
  1656 | D:2      | Found a faded altar of an unknown god.
  1773 | D:2      | Reached XP level 6. HP: 48/55 MP: 6/6
  1869 | D:2      | Reached skill level 5 in Fighting
  2484 | D:3      | Found Mofocumm's Jewellery Emporium.
  2690 | D:3      | Found Zin's Purification Station.
  2692 | D:3      | Found a glowing silver altar of Zin.
  2920 | D:3      | Noticed a water moccasin
  2920 | D:3      | Noticed a sky beast
  2946 | D:3      | Reached skill level 5 in Axes
  2947 | D:3      | HP: 12/56 [water moccasin (8)]
  2950 | D:3      | HP: 4/56 [water moccasin (2)]
  2951 | D:3      | Succumbed to a water moccasin's poison

Vanquished Creatures
  Sigmund (D:2)
  A hound (D:3)
  Robin (D:2)
  A gnoll (D:2)
  5 adders
  2 worms
  2 dart slugs
  6 orcs (D:3)
  6 bats
  4 endoplasms
  A giant cockroach (D:2)
  7 hobgoblins
  11 jackals
  3 kobolds
  A quokka (D:1)
  5 ball pythons
  3 frilled lizards (D:1)
  9 goblins
  10 rats
79 creatures vanquished.

Vanquished Creatures (others)
  4 toadstools (D:1)
4 creatures vanquished.

Grand Total: 83 creatures vanquished

Table legend:
 A = Non-vault XP
 B = Vault XP
 C = Vault XP percentage of total XP
 D = Non-vault monster count
 E = Vault monster count
 F = Vault count percentage of total count
                 A         B        C        D         E       F
            +---------+---------+-------+---------+---------+-------
      Total |     156 |     315 |  66.9 |      61 |      18 |  22.8
            +---------+---------+-------+---------+---------+-------
        D:1 |      44 |       0 |   0.0 |      26 |       0 |   0.0
        D:2 |      75 |     249 |  76.9 |      24 |      13 |  35.1
        D:3 |      37 |      66 |  64.1 |      11 |       5 |  31.2
            +---------+---------+-------+---------+---------+-------

Illustrated notes

Table legend:
 A = Kills in this place as a percentage of kills in entire the game.
 B = Kills by you in this place as a percentage of kills by you in the entire game.
 C = Kills by friends in this place as a percentage of kills by friends in the entire game.
 D = Other kills in this place as a percentage of other kills in the entire game.
 E = Experience gained in this place as a percentage of experience gained in the entire game.
 F = Experience gained in this place divided by the number of levels of this place that you have seen.
                   A       B       C       D       E      F
               +-------+-------+-------+-------+-------+----------------------
         Total | 100.0 | 100.0 |   N/A |   N/A | 100.0 | 157.0
       Dungeon | 100.0 | 100.0 |   N/A |   N/A | 100.0 | 157.0
               +-------+-------+-------+-------+-------+----------------------

Table legend: (Time is in decaauts)
 A = Elapsed time spent in this place.
 B = Non-inter-level travel time spent in this place.
 C = Inter-level travel time spent in this place.
 D = Time resting spent in this place.
 E = Time spent auto-exploring this place.
 F = Levels seen in this place.
 G = Mean time per level.
                   A        B        C        D        E       F      G
               +--------+--------+--------+--------+--------+-----+--------+
         Total |   3062 |   2937 |    125 |      0 |   2444 |   3 | 1020.7 |
       Dungeon |   3062 |   2937 |    125 |      0 |   2444 |   3 | 1020.7 |
               +--------+--------+--------+--------+--------+-----+--------+

Top non-repeatable levels by time:
     D:2: 1584 daAuts
     D:1: 891 daAuts
     D:3: 586 daAuts
